 Dungeon Crawl Stone Soup version 0.17-a0-1805-g6093636 (webtiles) character file.

3594 Kaesh the Blocker (level 10, 0/80 HPs)
             Began as a Formicid Fighter on Sept 12, 2015.
             Was a Priest of Cheibriados.
             Slain by a wolf (1 damage)
             ... led by Grum
             ... on level 8 of the Dungeon.
             The game lasted 00:32:44 (8074 turns).

Kaesh the Blocker (Formicid Fighter)                Turns: 8074, Time: 00:32:46

Health: 0/80       AC: 10    Str: 33    XL:     10   Next: 31%
Magic:  10/10      EV: 15    Int: 16    God:    Cheibriados [***...]
Gold:   148        SH: 14    Dex: 17    Spells: 0 memorised, 9 levels left

rFire  . . .     SeeInvis +     b - +2 hand axe (freeze)
rCold  + . .     Clarity  .     I - +2 leather armour {MR+}
rNeg   . . .     SustAt   .     c - +1 shield
rPois  .         Gourm    .     (helmet unavailable)
rElec  +         Spirit   .     q - +0 cloak
rCorr  .         Warding  .     M - +0 pair of gloves
rMut   .         Stasis   +     g - +0 pair of boots
MR     ++...                    (no amulet)
Stlth  +.........               w - +5 ring of strength
                                C - ring of protection from cold

@: very slow, very resistant to hostile enchantments, very unstealthy
A: permanent stasis, dig shafts and tunnels, four strong arms, antennae 3,
electricity resistance, weak 1, MP-powered wands
a: Dig, Shaft Self, Bend Time, Temporal Distortion, Renounce Religion


You were on level 8 of the Dungeon.
You worshipped Cheibriados.
Cheibriados was most pleased with you.
You were not hungry.

You visited 2 branches of the dungeon, and saw 9 of its levels.

You collected 382 gold pieces.
You spent 234 gold pieces at shops.

Inventory:

Hand weapons
 b - a +2 hand axe of freezing (weapon)
Armour
 c - a +1 shield (worn)
 g - a +0 pair of boots (worn)
 q - a +0 cloak (worn)
 z - a +0 large shield
 I - a +2 leather armour of magic resistance (worn)
 L - the +0 ring mail of Enef {*Confuse +Fly Str+8}
   (You bought it in a shop on level 6 of the Dungeon)

   It affects your strength (+8).
   It lets you fly.
   It may confuse you when you take damage.
 M - a +0 pair of gloves (worn)
Jewellery
 n - an uncursed ring of poison resistance
 w - a +5 ring of strength (right hand)
 C - a ring of protection from cold (left hand)
Magical devices
 v - a wand of slowing (33)
 y - a wand of flame (31)
 A - a wand of fire (6)
 D - a wand of draining (11)
 H - a wand of cold (8)
 R - a wand of teleportation (5)
Scrolls
 f - 11 scrolls of identify
 s - 6 scrolls of remove curse
 t - a scroll of enchant weapon
 u - a scroll of enchant armour
 J - 4 scrolls of magic mapping
 O - a scroll of recharging {unknown}
Potions
 l - a potion of brilliance
 r - 4 potions of curing
 B - 3 potions of flight
 E - a potion of agility
 G - a potion of haste
Books
 h - a book of Burglary

   Spells                             Type                      Level
   a - Swiftness                      Charms/Air                   2
   b - Passwall                       Transmutation/Earth          3
   c - Passage of Golubria            Translocation                4
   d - Lee's Rapid Deconstruction     Earth                        5
   e - Darkness                       Hexes                        6
   f - Invisibility                   Hexes                        6
 x - a book of Beasts

   Spells                             Type                      Level
   a - Summon Butterflies             Summoning                    1
   b - Call Canine Familiar           Summoning                    3
   c - Summon Ice Beast               Ice/Summoning                4
   d - Summon Mana Viper              Hexes/Summoning              5
   e - Summon Hydra                   Summoning                    7
 P - a book of Hinderance

   Spells                             Type                      Level
   a - Confusing Touch                Hexes                        2
   b - Confuse                        Hexes                        3
   c - Gell's Gravitas                Hexes/Translocation          3
   d - Petrify                        Transmutation/Earth          4
   e - Metabolic Englaciation         Hexes/Ice                    5
Comestibles
 e - 11 bread rations
 j - 5 meat rations
 m - 2 slices of pizza
 o - 2 beef jerkies
 p - 7 fruits


   Skills:
 + Level 7.6 Fighting
 + Level 6.6 Axes
 + Level 7.6 Armour
 + Level 5.6 Dodging
 + Level 8.5 Shields


You had 9 spell levels left.
You didn't know any spells.

Dungeon Overview and Level Annotations

Branches:
Dungeon (8/15)             Temple (1/1) D:4
   Lair: D:8-11

Altars:
Ashenzari
Cheibriados
Dithmenos
Elyvilon
Fedhas
Gozag
Kikubaaqudgha
Makhleb
Nemelex Xobeh
Okawaru
Qazlal
Ru
Sif Muna
Trog
Vehumet
Xom
Yredelemnul
Zin
The Shining One

Shops:
D:4 [   D:5 (   D:6 *

Annotations:
D:8 Grum


Innate Abilities, Weirdness & Mutations

You are under a permanent stasis effect.
You can dig through walls and to a lower floor.
Your four strong arms can wield two-handed weapons with a shield.
You have a pair of large antennae on your head (SInv).
You are resistant to electric shocks.
You are weak. (Str -2)
You expend magic power (3 MP) to strengthen your wands.


Message History

The wolf is moderately wounded.
You barely miss the wolf.
The wolf is heavily wounded.
You block the wolf's attack. x2
The wolf misses you. The wolf closely misses you. Grum barely misses you.
You hit the wolf but do no damage.
The wolf is moderately wounded.
You hit the wolf. You freeze the wolf.
The wolf is severely wounded.
The wolf closely misses you. You block the wolf's attack.
Grum hits you from afar with a halberd!!
* * * LOW HITPOINT WARNING * * *
The wolf completely misses you. The wolf bites you but does no damage.
You slash the wolf! You freeze the wolf.
The wolf is almost dead.
You closely miss the wolf.
The wolf is severely wounded.
The wolf barely misses you. You block the wolf's attack.
Grum closely misses you. You block the wolf's attack. The wolf bites you.
You die...

..## #.##..# #.#
...##### #.# #h## #.#
.......# #.# #.h###.#
.#####.# #.# ##.##..#
## #.## #.# #....##
#..# #.# ##.#.##.
#######?# ##.#
###†#.##. ....#
#.#####..###J).#.##.
.# ....#
#...##..##@hg###.##.
#.#
....#####.##.#..h###
#.... ..#
.....####......###
###..###.###
#.##......#..#######
#..........
.....)..............
#.).....#
#.#########..######
#...#.### #..#
#..)...?### ##....#
.#.# ##...##...###
##...## .#.#
###........###..#..##


You could see Grum, 2 wolves and a jelly.

Vanquished Creatures
  The ghost of DecibelRebel the Fighter, an experienced HOFi of Beogh (D:5)
  Grinder (D:3)
  A spriggan (D:7)
  A wolf (D:8)
  2 ice beasts
  2 phantoms (D:4)
  A black bear (D:7)
  2 sky beasts
  An orc warrior (D:6)
  A centaur (D:8)
  6 ogres
  5 giant frogs
  The ghost of twist the Stinger, an average DEVM (D:3)
  A scorpion (D:4)
  6 killer bees (D:7)
  3 crimson imps
  A jelly (D:6)
  A giant frog skeleton (D:5)
  An iguana (D:6)
  2 hounds
  5 orc wizards
  Terence (D:3)
  5 worker ants
  2 hound skeletons
  3 gnolls (D:7)
  2 shadow imps
  6 adders
  An adder zombie (D:6)
  2 worms
  6 giant geckos
  24 orcs
  2 ball pythons
  7 bats
  6 giant cockroaches
  12 goblins
  12 hobgoblins
  9 jackals
  4 quokkas
  A giant gecko skeleton (D:4)
  5 giant newts
  2 jackal skeletons
  10 kobolds
  7 rats
174 creatures vanquished.

Notes
Turn   | Place    | Note
--------------------------------------------------------------
     0 | D:1      | Kaesh the Formicid Fighter began the quest for the Orb.
     0 | D:1      | Reached XP level 1. HP: 18/18 MP: 1/1
   529 | D:1      | Reached XP level 2. HP: 24/24 MP: 2/2
  1059 | D:2      | Reached XP level 3. HP: 29/29 MP: 3/3
  1130 | D:2      | Reached skill level 1 in Dodging
  1131 | D:2      | Found an ancient bone altar of Kikubaaqudgha.
  1235 | D:2      | Reached skill level 4 in Shields
  1729 | D:2      | Reached XP level 4. HP: 33/37 MP: 4/4
  1996 | D:3      | Noticed Terence
  2007 | D:3      | Killed Terence
  2118 | D:3      | Reached XP level 5. HP: 42/42 MP: 5/5
  2639 | D:3      | Noticed twist's ghost (average DEVM)
  2649 | D:3      | Killed twist's ghost
  2649 | D:3      | Reached XP level 6. HP: 44/48 MP: 6/6
  2652 | D:3      | Noticed Grinder
  2708 | D:3      | Killed Grinder
  2708 | D:3      | Reached skill level 5 in Shields
  2708 | D:3      | Reached XP level 7. HP: 55/55 MP: 7/7
  2954 | D:4      | Found a staircase to the Ecumenical Temple.
  2964 | Temple   | Entered the Ecumenical Temple
  3127 | D:4      | Found a blossoming altar of Fedhas.
  3421 | D:4      | Reached skill level 5 in Fighting
  3535 | D:4      | Found a snail-covered altar of Cheibriados.
  3543 | D:4      | Became a worshipper of Cheibriados the Contemplative
  3706 | D:4      | Reached skill level 5 in Armour
  3706 | D:4      | Reached XP level 8. HP: 62/62 MP: 8/8
  3900 | D:4      | Reached skill level 6 in Shields
  3972 | D:4      | Found Zioh's Armour Shoppe.
  4225 | D:5      | Entered Level 5 of the Dungeon
  4398 | D:5      | Found Wipit's Weapon Shoppe.
  4429 | D:5      | Acquired Cheibriados's first power
  4457 | D:5      | HP: 3/64 [ogre/giant club (21)]
  4741 | D:5      | Reached skill level 5 in Axes
  5179 | D:5      | Noticed DecibelRebel's ghost (experienced HOFi)
  5201 | D:5      | Killed DecibelRebel's ghost
  5201 | D:5      | Reached skill level 7 in Shields
  5201 | D:5      | Reached XP level 9. HP: 18/70 MP: 9/9
  5500 | D:5      | Found a glowing golden altar of the Shining One.
  5503 | D:5      | Found an iron altar of Okawaru.
  5506 | D:5      | Found a sparkling altar of Nemelex Xobeh.
  5707 | D:6      | Found an opulent altar of Gozag.
  6292 | D:6      | Found a shimmering altar of Xom.
  6329 | D:6      | Found Dodax's Assorted Antiques.
  6335 | D:6      | Bought a faintly humming ring mail for 234 gold pieces
  6345 | D:6      | Identified the +0 ring mail of Enef {*Confuse +Fly Str+8} (You bought it in a shop on level 6 of the Dungeon)
  6821 | D:7      | Reached skill level 5 in Dodging
  6982 | D:7      | Reached skill level 8 in Shields
  6982 | D:7      | Reached XP level 10. HP: 55/79 MP: 10/10
  7101 | D:7      | Acquired Cheibriados's second power
  7446 | D:7      | Gained mutation: You are weak. (Str -2) [potion of mutation]
  7446 | D:7      | Gained mutation: You are resistant to electric shocks. [potion of mutation]
  7446 | D:7      | Gained mutation: You expend magic power (3 MP) to strengthen your wands. [potion of mutation]
  8043 | D:8      | Noticed Grum
  8073 | D:8      | HP: 1/80 [Grum/halberd (20)]
  8074 | D:8      | Slain by a wolf

Vault maps used:
D:1:      dpeg_arrival_erosion, serial_glass, glass_columns_c, glass_columns_a
D:2:      kiku_gazebo_pond_becter
D:3:      serial_co_window_serial, co_window_corner_a, co_window_paths_a,
          co_window_paths_b, co_window_paths_b, co_window_corner_a,
          co_window_corner_a, co_window_corner_a, co_window_2corner,
          co_window_2corner, co_window_broadway_a, co_window_cross_2,
          glass_columns_a, minmay_goblin_outpost, uniq_terence, uniq_grinder
D:4:      lemuel_round_altar, minmay_temple_entry_large_hall, serial_shops,
          nicolae_shop_behind_doors, kennysheep_minor_cross, fedhas_altar_1
D:5:      grunt_temple_overflow_diamond, serial_shops, nicolae_shop_waterfront,
          first_bread
D:6:      lemuel_round_altar, lemuel_crystal_altar, serial_shops, shop_statue
D:7:      the_bakery, hangedman_decor_clover_reticule
D:8:      wad_floor_pattern_untrapped, uniq_gastronok, uniq_grum, uniq_psyche,
          uniq_maurice
Temple:   circular_temple_12

Action                   |  1- 3 |  4- 6 |  7- 9 | 10-12 || total
-------------------------+-------+-------+-------+-------++-------
Melee: War axe           |    95 |   119 |   353 |    66 ||   633
       Hand axe          |       |       |       |    28 ||    28
  Use: Potion            |     7 |       |     3 |     2 ||    12
       Scroll            |     6 |     3 |     1 |       ||    10
 Stab: Distracted        |       |       |     1 |     1 ||     2
  Eat: Chunk             |     3 |     3 |     9 |     1 ||    16
       Fruit             |       |       |     2 |       ||     2
